[Event "Titled Tuesday Blitz August 1 Late 2023"]
[White "Carlsen, Magnus"]
[Black "Zierk, Steven"]
[WhiteFideId "1503014"]
[BlackFideId "2034255"]
[WhiteElo "3251"]
[BlackElo "2902"]
[Result "1-0"]
[Round "11"]
[TimeControl "180+1"]
[Date "2023.08.01"]
[WhiteClock "0:01:04"]
[BlackClock "0:00:07"]
[Board "1"]

1. g3 d5 2. Nf3 Nf6 3. Bg2 c6 4. O-O Bg4 5. h3 Bxf3 6. Bxf3 e5 7. d3 Nbd7 8. e4 dxe4 9. dxe4 Be7 10. Nd2 O-O 11. a4 a5 12. Qe2 Qc7 13. Nc4 Nc5 14. h4 Rfd8 15. Kg2 Ne6 16. c3 b5 17. Ne3 b4 18. Nf5 Bf8 19. Qc4 Qb6 20. Bg5 Qc5 21. Qxc5 Bxc5 22. Bxf6 gxf6 23. Rfd1 Kf8 24. Be2 Bb6 25. cxb4 axb4 26. Rxd8+ Bxd8 27. Bd1 Bb6 28. Rc1 Nd4 29. Nxd4 Bxd4 30. Rxc6 Bxb2 31. Rxf6 Ke7 32. Rb6 Rd8 33. Bb3 Rd2 34. Rb7+ Kd6 35. Rxf7 Bd4 36. Rf3 Kc5 37. g4 Re2 38. Bd5 b3 39. Rxb3 Rxf2+ 40. Kg3 Rf1 41. g5 Rf4 42. Rf3 Rxf3+ 43. Kxf3 Kd6 44. h5 Ke7 45. h6 Kf8 46. a5 Bc3 47. a6 Bd4 48. Kg4 Ba7 49. Kf5 Bd4 50. g6 1-0


[Site "https://www.chess.com"]

[Event "Titled Tuesday Blitz August 1 Late 2023"]
[White "Zhigalko, Sergei"]
[Black "Grischuk, Alexander"]
[WhiteFideId "13502956"]
[BlackFideId "4126025"]
[WhiteElo "2930"]
[BlackElo "3020"]
[Result "0-1"]
[Round "11"]
[TimeControl "180+1"]
[Date "2023.08.01"]
[WhiteClock "0:00:02"]
[BlackClock "0:00:10"]
[Board "2"]

1. e4 e5 2. Nf3 Nc6 3. Bc4 Bc5 4. b4 Be7 5. b5 Na5 6. Be2 d5 7. Nxe5 dxe4 8. Bb2 Nf6 9. Bc3 c6 10. a4 O-O 11. O-O Nd5 12. bxc6 Nxc6 13. Nxc6 bxc6 14. Bc4 Be6 15. Bxd5 cxd5 16. Bd4 Bf6 17. Bxf6 Qxf6 18. Nc3 Rac8 19. Rb1 Qg6 20. f4 exf3 21. Qxf3 Qxc2 22. Nxd5 Qc5+ 23. Ne3 Qd4 24. Rf2 Qxa4 25. Nf5 Bxf5 26. Qxf5 Qd4 27. h3 g6 28. Qf4 Qxf4 29. Rxf4 Rc7 30. Ra1 Rd8 31. Rfa4 Rxd2 32. R4a2 Rxa2 33. Rxa2 h5 34. Kh2 Kf8 35. Kg3 Ke7 36. Kf4 Kd8 37. Kg5 Rd7 38. g4 hxg4 39. hxg4 Kc8 40. Kf6 Kb7 41. g5 a6 42. Ra1 Kb6 43. Rb1+ Kc5 44. Rc1+ Kb4 45. Rb1+ Kc3 46. Ra1 Ra7 47. Ra3+ Kb4 48. Re3 a5 49. Re4+ Kc5 50. Re5+ Kd4 51. Re7 Rxe7 52. Kxe7 Ke5 53. Kxf7 Kf5 54. Kg7 Kxg5 0-1


[Site "https://www.chess.com"]

[Event "Titled Tuesday Blitz August 1 Late 2023"]
[White "Firouzja, Alireza"]
[Black "Demidov, Mikhail"]
[WhiteFideId "12573981"]
[BlackFideId "4197143"]
[WhiteElo "3089"]
[BlackElo "2946"]
[Result "1-0"]
[Round "11"]
[TimeControl "180+1"]
[Date "2023.08.01"]
[WhiteClock "0:02:35"]
[BlackClock "0:00:04"]
[Board "3"]

1. e4 Nf6 2. e5 Nd5 3. d4 d6 4. c4 Nb6 5. exd6 cxd6 6. Nc3 g6 7. Be3 Bg7 8. Rc1 O-O 9. b3 Nc6 10. d5 Ne5 11. Be2 Ned7 12. Nf3 Nf6 13. Nd4 Nbd7 14. O-O a6 15. Qd2 Nc5 16. Rfe1 Nce4 17. Nxe4 Nxe4 18. Qc2 Nf6 19. Bf3 Re8 20. h3 Bd7 21. a4 Rc8 22. Qd2 Qc7 23. a5 Qb8 24. b4 Rc7 25. c5 dxc5 26. bxc5 Qd8 27. Bf4 Rc8 28. c6 bxc6 29. dxc6 Bf5 30. c7 Qd7 31. Nxf5 Qxf5 32. Bb7 h5 33. Bxc8 Rxc8 34. Rxe7 Nd5 35. Rc5 Qxf4 36. Rxd5 Qxd2 37. Rxd2 1-0


[Site "https://www.chess.com"]

[Event "Titled Tuesday Blitz August 1 Late 2023"]
[White "Bortnyk, Olexandr"]
[Black "Aravindh, Chithambaram VR."]
[WhiteFideId "14120828"]
[BlackFideId "5072786"]
[WhiteElo "3076"]
[BlackElo "2900"]
[Result "1-0"]
[Round "11"]
[TimeControl "180+1"]
[Date "2023.08.01"]
[WhiteClock "0:00:02"]
[BlackClock "0:00:00"]
[Board "4"]

1. d4 Nf6 2. Nc3 d5 3. Bf4 e6 4. Nb5 Na6 5. e3 Be7 6. Nf3 O-O 7. h4 c6 8. Nc3 c5 9. h5 h6 10. Bxa6 bxa6 11. g4 Nxg4 12. Rg1 f5 13. Ne5 Bf6 14. Qf3 Qe8 15. O-O-O Qxh5 16. Nxd5 exd5 17. Qxd5+ Be6 18. Qxe6+ Kh8 19. Rh1 Qe8 20. Qxe8 Rfxe8 21. Nxg4 fxg4 22. dxc5 Rac8 23. Rd5 a5 24. Rg1 Re4 25. Rxg4 g5 26. Bxg5 Bxb2+ 27. Kxb2 Rxg4 28. Bxh6 Rc4 29. Rd7 R4xc5 30. c3 Kg8 31. Bg7 R5c7 32. Rxc7 Rxc7 33. Be5 Rb7+ 34. Ka3 Kf7 35. f4 Ke6 36. Ka4 Kd5 37. Kxa5 Rb1 38. a4 Kc6 39. Bd4 1-0


[Site "https://www.chess.com"]

[Event "Titled Tuesday Blitz August 1 Late 2023"]
[White "Martinez Alcantara, Jose Eduardo"]
[Black "Pichot, Alan"]
[WhiteFideId "3805662"]
[BlackFideId "110973"]
[WhiteElo "2984"]
[BlackElo "2866"]
[Result "0-1"]
[Round "11"]
[TimeControl "180+1"]
[Date "2023.08.01"]
[WhiteClock "0:00:03"]
[BlackClock "0:00:05"]
[Board "5"]

1. e4 e5 2. Nf3 Nc6 3. Nc3 Nf6 4. h3 g6 5. Bc4 Bg7 6. d3 O-O 7. Be3 d6 8. a3 Be6 9. Bxe6 fxe6 10. Ne2 Nh5 11. Ng3 Nf4 12. O-O Qf6 13. Nh2 h5 14. c3 d5 15. Qc2 Rad8 16. Rad1 d4 17. Bc1 Rd7 18. Ne2 g5 19. Kh1 Qg6 20. Ng1 Rdf7 21. g3 Nxd3 22. Qxd3 Rxf2 23. Ngf3 Rxf1+ 24. Rxf1 Bf6 25. g4 Be7 26. Kg2 a6 27. gxh5 Qxh5 28. Ng4 Bf6 29. cxd4 exd4 30. e5 Bg7 31. Bxg5 Rxf3 32. Qxf3 Qxg5 33. Qf7+ Kh7 34. Kh1 Nxe5 35. Nf6+ Qxf6 36. Qxf6 Bxf6 37. Rxf6 d3 38. Rf2 Nc4 39. Rf4 d2 40. Rd4 e5 41. Rd7+ Kg6 42. Rd5 e4 43. Kg1 e3 44. Kf1 Nxb2 45. Ke2 d1=Q+ 46. Rxd1 Nxd1 47. Kxd1 Kg5 48. Ke2 Kh4 49. Kxe3 Kxh3 50. Kd4 Kg4 51. Kd5 Kf5 52. a4 Kf6 53. a5 Ke7 54. Kc5 Ke6 0-1


[Site "https://www.chess.com"]

[Event "Titled Tuesday Blitz August 1 Late 2023"]
[White "Krzyzanowski, Marcin"]
[Black "Matlakov, Maxim"]
[WhiteFideId "1132199"]
[BlackFideId "4168003"]
[WhiteElo "2800"]
[BlackElo "2982"]
[Result "0-1"]
[Round "11"]
[TimeControl "180+1"]
[Date "2023.08.01"]
[WhiteClock "0:00:02"]
[BlackClock "0:00:08"]
[Board "6"]

1. e4 e5 2. Nf3 Nc6 3. Bb5 a6 4. Ba4 Nf6 5. Nc3 Bb4 6. Nd5 Nxd5 7. exd5 Nd4 8. c3 Nxf3+ 9. Qxf3 Bc5 10. O-O O-O 11. Bc2 d6 12. d4 exd4 13. cxd4 Bb6 14. Rd1 Qh4 15. h3 Re8 16. Be3 Bd7 17. a4 a5 18. Rac1 Re7 19. b3 Rae8 20. Kh2 h6 21. Bb1 Rf8 22. Re1 f5 23. g3 Qf6 24. h4 g5 25. Bd2 Rg7 26. h5 Rgf7 27. Bc3 g4 28. Qf4 Qg5 29. Bd2 Qxh5+ 30. Kg2 Qh3+ 31. Kg1 Rh7 32. Re6 Bxe6 33. dxe6 Qh5 34. d5 Qg6 35. Re1 Qf6 36. Qc4 Bd4 37. Bxa5 h5 38. Rd1 Be5 39. Re1 h4 40. Rxe5 dxe5 41. d6 Kh8 42. e7 Rxe7 43. dxe7 Qxe7 44. Qxc7 Qxc7 45. Bxc7 e4 46. Be5+ Kh7 47. b4 Rc8 48. Ba2 Rc1+ 49. Kh2 Rc2 50. Kg1 Rxa2 51. a5 Ra4 52. Bd6 h3 53. Bc5 Kg6 54. Kh2 Kf7 55. Bd6 Ke6 56. Bc5 Kd5 57. Be7 Kc6 58. Bf8 Kb5 59. Bd6 Rxb4 60. Bxb4 Kxb4 61. a6 bxa6 62. f4 exf3 63. Kg1 a5 64. Kf2 a4 65. Ke3 a3 66. Kf2 a2 67. Ke3 a1=Q 68. Kf4 Qd4+ 69. Kxf5 f2 70. Kg5 f1=Q 71. Kh4 Qff6+ 72. Kh5 Qde5+ 73. Kxg4 Qef5# 0-1


[Site "https://www.chess.com"]

[Event "Titled Tuesday Blitz August 1 Late 2023"]
[White "Maksimovic, Bojan"]
[Black "He, Anthony"]
[WhiteFideId "14408120"]
[BlackFideId "2088215"]
[WhiteElo "2865"]
[BlackElo "2938"]
[Result "0-1"]
[Round "11"]
[TimeControl "180+1"]
[Date "2023.08.01"]
[WhiteClock "0:00:00"]
[BlackClock "0:00:33"]
[Board "7"]

1. Nf3 d5 2. g3 Nd7 3. Bg2 e5 4. d3 Ngf6 5. O-O c6 6. c3 Bd6 7. Qc2 O-O 8. Nbd2 Re8 9. e4 h6 10. Re1 Nc5 11. b4 Ncd7 12. Bb2 Nf8 13. a3 Ng6 14. c4 Be6 15. d4 Nxe4 16. Nxe4 dxe4 17. Nxe5 Bxe5 18. dxe5 Qd3 19. Rac1 Bf5 20. Bxe4 Bxe4 21. Rxe4 Rad8 22. Re2 Qf3 23. Rd1 Qg4 24. Rxd8 Rxd8 25. h3 Qxh3 26. e6 fxe6 27. Re1 Qg4 28. Qc3 e5 29. b5 Nh4 30. Rc1 Rd2 31. Qe3 Nf3+ 32. Kg2 Nh4+ 33. Kg1 Rxb2 34. bxc6 bxc6 35. Qxa7 Kh7 36. Qe3 Re2 37. Qd3+ e4 38. Qc3 Nf3+ 39. Kg2 Nh4+ 40. Kg1 Qf5 41. Qd4 Nf3+ 0-1


[Site "https://www.chess.com"]

[Event "Titled Tuesday Blitz August 1 Late 2023"]
[White "Elsa167"]
[Black "Ibarra Jerez, Jose Carlos"]
[BlackFideId "2226332"]
[WhiteElo "2790"]
[BlackElo "2882"]
[Result "1-0"]
[Round "11"]
[TimeControl "180+1"]
[Date "2023.08.01"]
[WhiteClock "0:00:08"]
[BlackClock "0:00:00"]
[Board "8"]

1. d4 Nf6 2. c4 d6 3. Nc3 e5 4. Nf3 e4 5. Ng5 Qe7 6. Qc2 Bf5 7. f3 Nc6 8. e3 Nxd4 9. Qd1 Nc6 10. g4 Bd7 11. Ngxe4 Nxe4 12. Nxe4 Bxg4 13. Nxd6+ cxd6 14. fxg4 Qh4+ 15. Kd2 Be7 16. Bg2 O-O 17. Kc2 Ne5 18. b3 Nxg4 19. Bxb7 Rab8 20. Qf3 Bf6 21. Rb1 Rfe8 22. Bd5 Re7 23. Rg1 Ne5 24. Qg3 Qh5 25. Bd2 Ng6 26. Rbf1 Rc8 27. Qg4 Qxg4 28. Rxg4 Be5 29. h4 Rec7 30. h5 Nf8 31. Ba5 Rc5 32. Bxf7+ Kh8 33. Bb4 R5c7 34. Bd5 Nd7 35. Rf7 Nf6 36. Rxc7 Rxc7 37. Be6 Nxg4 38. Bxg4 Kg8 39. Kd3 Kf7 40. Bf3 Ke6 41. Be4 g5 42. hxg6 h5 43. Be1 Bf6 44. Bd5+ Kf5 45. e4+ Kxg6 46. Bg3 Be5 47. Bxe5 dxe5 48. Be6 Kf6 49. Bf5 a5 50. a3 Ke7 51. b4 Kd6 52. c5+ Ke7 53. Kc4 axb4 54. axb4 Ra7 55. Kd5 Rb7 56. c6 Rxb4 57. c7 Rb5+ 58. Kc6 Rb1 59. c8=Q Rc1+ 60. Kd5 Rxc8 61. Bxc8 Kf6 62. Bh3 Kg5 63. Kxe5 Kh4 64. Bf5 Kg3 65. Kf6 Kf4 66. e5 h4 67. e6 h3 68. Bxh3 1-0


[Site "https://www.chess.com"]

[Event "Titled Tuesday Blitz August 1 Late 2023"]
[White "Rustemov, Alexander"]
[Black "Annaberdiyev, Meylis"]
[WhiteFideId "4119002"]
[BlackFideId "14000563"]
[WhiteElo "2838"]
[BlackElo "2697"]
[Result "1-0"]
[Round "11"]
[TimeControl "180+1"]
[Date "2023.08.01"]
[WhiteClock "0:00:14"]
[BlackClock "0:00:00"]
[Board "9"]

1. d4 Nf6 2. c4 g6 3. Nf3 Bg7 4. g3 O-O 5. Bg2 d6 6. O-O c6 7. Nc3 Bf5 8. Nh4 Be6 9. d5 cxd5 10. cxd5 Bd7 11. Be3 a5 12. Bd4 a4 13. e4 Qa5 14. Re1 Na6 15. f4 a3 16. bxa3 Rfc8 17. Rc1 Rc4 18. e5 Ng4 19. Nf3 Rac8 20. h3 Nh6 21. e6 Ba4 22. exf7+ Nxf7 23. Qd2 Bxd4+ 24. Nxd4 Rxc3 25. Rxc3 Qxc3 26. Qxc3 Rxc3 27. Rxe7 Nc5 28. Ne6 Rc1+ 29. Kh2 Rc2 30. Kg1 Rc1+ 31. Kh2 Rc2 32. Kg1 h5 33. g4 h4 34. g5 Rc1+ 35. Kh2 Rc2 36. Kg1 Bb5 37. Rc7 Rc1+ 38. Kf2 Rc2+ 39. Kg1 Rc1+ 40. Kh2 Rc2 41. f5 1-0


[Site "https://www.chess.com"]

[Event "Titled Tuesday Blitz August 1 Late 2023"]
[White "Andreikin, Dmitry"]
[Black "Mekhitarian, Krikor Sevag"]
[WhiteFideId "4158814"]
[BlackFideId "2107660"]
[WhiteElo "3041"]
[BlackElo "2770"]
[Result "1-0"]
[Round "11"]
[TimeControl "180+1"]
[Date "2023.08.01"]
[WhiteClock "0:01:56"]
[BlackClock "0:00:00"]
[Board "10"]

1. d4 Nf6 2. c4 g6 3. d5 Bg7 4. Nc3 O-O 5. e4 c6 6. Nf3 d6 7. h3 Nbd7 8. Bd3 Nc5 9. O-O a6 10. Re1 Nxd3 11. Qxd3 Nd7 12. Bf4 b5 13. dxc6 Nc5 14. Qe3 bxc4 15. Nd5 Nd3 16. c7 Qe8 17. e5 Nxe1 18. Rxe1 Bb7 19. exd6 exd6 20. Ne7+ Kh8 21. Bxd6 Qd7 22. Qc5 Bxf3 23. gxf3 Qxh3 24. Qc6 h5 25. Be5 Rae8 26. Nxg6+ fxg6 27. Bxg7+ Kxg7 28. Rxe8 1-0


[Site "https://www.chess.com"]

[Event "Titled Tuesday Blitz August 1 Late 2023"]
[White "Pranav, V"]
[Black "Volovich, Vasily"]
[WhiteFideId "25060783"]
[BlackFideId "34169676"]
[WhiteElo "3000"]
[BlackElo "2748"]
[Result "0-1"]
[Round "11"]
[TimeControl "180+1"]
[Date "2023.08.01"]
[WhiteClock "0:00:05"]
[BlackClock "0:00:07"]
[Board "11"]

1. e4 e6 2. d3 d5 3. Nd2 Nf6 4. Ngf3 Nc6 5. g3 dxe4 6. dxe4 e5 7. Bg2 Bc5 8. O-O O-O 9. Qe2 a5 10. Nb3 Bd6 11. Rd1 b6 12. Nh4 a4 13. Nd2 Ba6 14. c4 Nd4 15. Qd3 Bc5 16. Nf1 Ng4 17. Ne3 Nxe3 18. Bxe3 Qf6 19. Re1 Rad8 20. Qc3 g6 21. b4 Be7 22. a3 Bb7 23. h3 Rd7 24. Kh2 Rfd8 25. Rad1 c5 26. Bxd4 exd4 27. Qd3 Qxf2 28. Nf3 Bd6 29. e5 Bxf3 30. Qxf3 Qxf3 31. Bxf3 Be7 32. b5 Bf8 33. e6 fxe6 34. Rxe6 Rd6 35. Re5 Bg7 36. Re7 d3 37. Kg2 d2 38. Ra7 Bc3 39. Rc7 Bb2 40. Ra7 Bxa3 41. Rxa4 Bb4 42. Ra7 Re8 43. Bd5+ Kh8 44. Bf3 Re1 45. Ra8+ Kg7 46. Ra7+ Kf6 47. Rc7 h5 48. Rc6 Ke5 49. Rc8 Kd4 50. Kf2 Kxc4 51. Be2+ Kc3 52. Re8 Rd4 53. Re3+ Kb2 54. Bf3 c4 55. Re6 c3 56. Rdxe1 dxe1=Q+ 57. Rxe1 c2 58. Re2 Kb1 59. Be4 Rxe4 60. Rxe4 c1=Q 61. Rxb4+ Ka2 62. Re4 Qc5+ 63. Kf3 Qxb5 64. g4 hxg4+ 65. hxg4 Qd5 66. Kf4 b5 67. Re5 Qd6 68. Ke4 b4 69. Rd5 Qc6 0-1


[Site "https://www.chess.com"]

[Event "Titled Tuesday Blitz August 1 Late 2023"]
[White "Kamsky, Gata"]
[Black "Papasimakopoulos, Alexandros"]
[WhiteFideId "2000024"]
[BlackFideId "4244125"]
[WhiteElo "2978"]
[BlackElo "2697"]
[Result "1/2-1/2"]
[Round "11"]
[TimeControl "180+1"]
[Date "2023.08.01"]
[WhiteClock "0:00:08"]
[BlackClock "0:00:20"]
[Board "12"]

1. e4 e6 2. d4 d5 3. Nc3 Bb4 4. e5 c5 5. a3 Bxc3+ 6. bxc3 Nc6 7. Qg4 g6 8. Nf3 Bd7 9. h4 h6 10. Bd3 c4 11. Be2 Qa5 12. Bd2 O-O-O 13. a4 Nge7 14. O-O Nf5 15. Rfe1 Rdg8 16. Nh2 g5 17. h5 Ncxd4 18. Bd1 Rf8 19. Qh3 Nc6 20. Ng4 Rd8 21. Nf6 Kb8 22. Bg4 Ng7 23. f4 gxf4 24. Bxf4 Ne8 25. Qe3 Nxf6 26. exf6+ e5 27. Bxe5+ Nxe5 28. Qxe5+ Qc7 29. Qxc7+ Kxc7 30. Re7 Kd6 31. Bxd7 Rxd7 32. Rae1 Rhd8 33. Kf2 a6 34. g4 b5 35. axb5 axb5 36. Kf3 d4 37. cxd4 b4 38. Kf4 b3 39. cxb3 cxb3 40. g5 hxg5+ 41. Kxg5 Rg8+ 42. Kf5 b2 43. Rxd7+ Kxd7 44. Rb1 Rg2 45. h6 Rh2 46. h7 Rxh7 47. Rxb2 Rh5+ 48. Ke4 Rh4+ 49. Kd5 Rh5+ 50. Kc4 Rf5 51. Rb6 Rf1 52. Ra6 Rf2 53. Kc5 Rf1 54. Ra7+ Ke6 55. d5+ Kxf6 56. Kd6 Rd1 57. Ra2 Rf1 58. Kd7 Ke5 59. d6 f5 60. Re2+ Kf6 61. Rd2 f4 62. Kc6 Rc1+ 63. Kb7 Rb1+ 64. Kc7 Rc1+ 65. Kb6 Rb1+ 66. Kc5 Rb8 67. d7 Rd8 68. Kd6 Kf5 69. Ke7 Rxd7+ 70. Rxd7 f3 71. Kd6 Ke4 72. Rf7 Ke3 73. Ke5 f2 74. Rxf2 Kxf2 1/2-1/2


[Site "https://www.chess.com"]

[Event "Titled Tuesday Blitz August 1 Late 2023"]
[White "Xiong, Jeffery"]
[Black "Volkov, Maksim"]
[WhiteFideId "2047640"]
[BlackFideId "54123070"]
[WhiteElo "2965"]
[BlackElo "2718"]
[Result "1-0"]
[Round "11"]
[TimeControl "180+1"]
[Date "2023.08.01"]
[WhiteClock "0:00:14"]
[BlackClock "0:00:28"]
[Board "13"]

1. d4 d5 2. c4 e6 3. Nc3 c6 4. e3 Nf6 5. Nf3 Nbd7 6. Qc2 Bd6 7. b3 O-O 8. Be2 b6 9. O-O Bb7 10. Bb2 Qe7 11. Rad1 Rad8 12. Rfe1 Rfe8 13. g3 c5 14. cxd5 exd5 15. Bf1 a6 16. Nh4 g6 17. Nf3 b5 18. dxc5 Nxc5 19. Ne2 Rc8 20. Qb1 Nce4 21. Bh3 Rc7 22. Nf4 Bb4 23. Re2 Nc3 24. Bxc3 Bxc3 25. Bg2 Rd8 26. Nd4 Ne4 27. Rc2 Ba5 28. Nde2 Qe5 29. Rxc7 Bxc7 30. Rc1 Bb6 31. Qd3 Qb2 32. Rc2 Qa1+ 33. Nc1 d4 34. Bxe4 dxe3 35. Qxd8+ Bxd8 36. Bxb7 Bb6 37. Nd3 exf2+ 38. Kg2 a5 39. Ba6 b4 40. Nxf2 Qd4 41. Bc4 Kg7 42. Ncd3 Qe3 43. Kf1 h5 44. Re2 Qd4 45. Kg2 h4 46. Re7 hxg3 47. hxg3 Qa1 48. Rxf7+ Kh6 49. Rf6 Qxf6 50. Ng4+ Kg5 51. Nxf6 Kxf6 52. Kf3 Bd4 53. Nf4 g5 54. Ne2 Bb2 55. Ke4 Ba1 56. g4 Be5 57. Nd4 Bc7 58. Nc6 Bd6 59. Kd5 Bc7 60. Bd3 Bb6 61. Bf5 Bc7 62. Kc5 1-0


[Site "https://www.chess.com"]

[Event "Titled Tuesday Blitz August 1 Late 2023"]
[White "Harshavardhan G B"]
[Black "Korchmar, Vasiliy"]
[WhiteFideId "25059009"]
[BlackFideId "24131750"]
[WhiteElo "2877"]
[BlackElo "2688"]
[Result "0-1"]
[Round "11"]
[TimeControl "180+1"]
[Date "2023.08.01"]
[WhiteClock "0:00:00"]
[BlackClock "0:00:10"]
[Board "14"]

1. d4 d5 2. c4 c6 3. Nf3 Nf6 4. Nc3 e6 5. Bg5 Nbd7 6. e3 Be7 7. cxd5 exd5 8. Bd3 Nf8 9. Ne5 Ng6 10. f4 Nxe5 11. fxe5 Ng4 12. Bxe7 Qxe7 13. Qf3 Qg5 14. Nd1 f6 15. exf6 Nxf6 16. O-O O-O 17. Qf4 Qh5 18. Qg3 Bd7 19. Nc3 Rae8 20. Rf4 Ng4 21. Rxf8+ Rxf8 22. h3 Nf6 23. Rf1 Qe8 24. Rf3 Qe7 25. Qc7 Qb4 26. Rf2 Qb6 27. Qxb6 axb6 28. Na4 b5 29. Nc5 Bc8 30. Bf5 Bxf5 31. Rxf5 Rf7 32. b4 Re7 33. Rf3 Ne8 34. Kf2 Nd6 35. Nd3 Nc4 36. Nc1 Nd2 37. Rf4 Nc4 38. Rf3 g5 39. Ke2 Kg7 40. Kd3 Kg6 41. Nb3 Re8 42. Nc1 Ra8 43. Kc2 h5 44. g4 hxg4 45. hxg4 Rh8 0-1


[Site "https://www.chess.com"]

[Event "Titled Tuesday Blitz August 1 Late 2023"]
[White "Hansen, Eric"]
[Black "Ardelean, George-Catalin"]
[WhiteFideId "2606771"]
[BlackFideId "1207091"]
[WhiteElo "2840"]
[BlackElo "2685"]
[Result "1-0"]
[Round "11"]
[TimeControl "180+1"]
[Date "2023.08.01"]
[WhiteClock "0:00:48"]
[BlackClock "0:00:06"]
[Board "15"]

1. e4 c5 2. Nf3 d6 3. d4 cxd4 4. Nxd4 Nf6 5. Nc3 Nc6 6. Bg5 e6 7. Qd2 a6 8. O-O-O Bd7 9. f3 Be7 10. h4 h6 11. Be3 h5 12. Kb1 Ne5 13. Bg5 Qc7 14. Be2 b5 15. a3 Rb8 16. f4 Nc4 17. Bxc4 bxc4 18. Ka1 Qb7 19. Rb1 Nxe4 20. Nxe4 Qxe4 21. Rhe1 Qd5 22. Bxe7 Kxe7 23. Qc3 Kf8 24. g3 Rh6 25. Rbd1 Qc5 26. Nf3 Rf6 27. Ng5 Rf5 28. Ne4 Qc7 29. Nxd6 Rd5 30. Rxd5 exd5 31. Qe5 c3 32. Qe7+ Kg8 33. Qxf7+ Kh7 34. Qxh5+ Kg8 35. Qxd5+ Kh7 36. b4 Bg4 37. Ne8 Qa7 38. Qd3+ Kh8 39. Qg6 Bf3 40. f5 a5 41. f6 gxf6 42. Nxf6 Qg7 43. Re8+ Rxe8 44. Qxe8+ 1-0


[Site "https://www.chess.com"]

[Event "Titled Tuesday Blitz August 1 Late 2023"]
[White "Rastbod, Ali"]
[Black "Rasulov, Vugar"]
[WhiteFideId "12567477"]
[BlackFideId "13402390"]
[WhiteElo "2677"]
[BlackElo "2832"]
[Result "1-0"]
[Round "11"]
[TimeControl "180+1"]
[Date "2023.08.01"]
[WhiteClock "0:01:29"]
[BlackClock "0:01:37"]
[Board "16"]

1. d4 g6 2. e4 b6 3. Nf3 Bg7 4. Bc4 Bb7 5. Qe2 e6 6. h4 d5 7. exd5 Bxd5 8. Bxd5 Qxd5 9. c4 Qd6 10. h5 Ne7 11. h6 Bxd4 12. Nxd4 Qxd4 13. Nc3 Nbc6 14. Be3 Qe5 15. O-O-O Nf5 16. Qf3 Nfe7 17. Bf4 Qc5 18. Ne4 Qxc4+ 19. Kb1 Nd5 20. Rxd5 exd5 21. Nf6+ Kd8 22. Rc1 Nd4 23. Bxc7+ Kc8 24. Qg4+ 1-0


[Site "https://www.chess.com"]

[Event "Titled Tuesday Blitz August 1 Late 2023"]
[White "Ashraf, Artin"]
[Black "Jakubowski, Krzysztof"]
[WhiteFideId "22514805"]
[BlackFideId "1112848"]
[WhiteElo "2821"]
[BlackElo "2666"]
[Result "0-1"]
[Round "11"]
[TimeControl "180+1"]
[Date "2023.08.01"]
[WhiteClock "0:00:01"]
[BlackClock "0:00:04"]
[Board "17"]

1. d4 Nf6 2. c4 e6 3. Nc3 Bb4 4. e3 O-O 5. Ne2 d5 6. a3 Be7 7. Ng3 Re8 8. cxd5 exd5 9. Bd3 Nbd7 10. O-O g6 11. Qf3 Nb6 12. Qd1 a5 13. f3 c5 14. Nge2 Bd7 15. dxc5 Bxc5 16. Nd4 Qe7 17. b3 Rac8 18. Nce2 h5 19. Ra2 a4 20. b4 Bd6 21. Qe1 Nc4 22. Bxc4 Rxc4 23. Qh4 Rec8 24. Kh1 Nh7 25. Qf2 Ng5 26. Rd2 Be5 27. Bb2 Qd6 28. h3 Bg7 29. Qh4 Ne6 30. Qf2 Nc7 31. Rfd1 Re8 32. Nf4 Bh6 33. Nde2 Bc6 34. Nd4 Qe7 35. Re2 Qg5 36. Rde1 h4 37. Nd3 Nb5 38. Nxb5 Bxb5 39. Bd4 Rc6 40. Rd2 Rec8 41. Nc5 Qe7 42. Nd3 Rc4 43. Red1 Qe6 44. Nf4 Qf5 45. Qxh4 Qg5 46. Qxg5 Bxg5 47. Nxd5 Rc2 48. g4 Be2 49. Rxc2 Rxc2 50. Re1 Bxf3+ 51. Kg1 Bh4 52. Nf6+ Kf8 53. Ra1 Bf2+ 54. Kf1 Bg3 55. Nd7+ Ke7 56. Ne5 Bg2+ 57. Kg1 Be4 58. Rd1 Rh2 59. Bc5+ Ke6 60. Rd6+ Kxe5 61. Rd7 Rh1# 0-1


[Site "https://www.chess.com"]

[Event "Titled Tuesday Blitz August 1 Late 2023"]
[White "Ozates, Tuna"]
[Black "Bauman_Guy"]
[WhiteFideId "6354521"]
[WhiteElo "2627"]
[BlackElo "2817"]
[Result "1-0"]
[Round "11"]
[TimeControl "180+1"]
[Date "2023.08.01"]
[WhiteClock "0:00:04"]
[BlackClock "0:00:00"]
[Board "18"]

1. e4 c5 2. Nf3 d6 3. Bb5+ Nd7 4. c3 a6 5. Ba4 g6 6. d4 Bg7 7. O-O b5 8. Bc2 Bb7 9. Re1 e5 10. Be3 Ngf6 11. Nbd2 O-O 12. a4 Qc7 13. h3 Nh5 14. Bd3 c4 15. Bc2 Rfe8 16. Nh2 d5 17. Ng4 dxe4 18. Nh6+ Kf8 19. d5 Nf4 20. d6 Qb8 21. Nxf7 Kxf7 22. Bxf4 exf4 23. Nxe4 Kg8 24. Qg4 Ne5 25. Qxf4 Rf8 26. Qg3 Nd3 27. Bxd3 cxd3 28. Qxd3 Qa7 29. axb5 Bxe4 30. Qxe4 Qxf2+ 31. Kh1 a5 32. d7 Rad8 33. Rad1 Qxb2 34. c4 a4 35. c5 Qxb5 36. c6 Qa5 37. Qc4+ Kh8 38. Re7 Bf6 39. Re6 a3 40. Rxf6 Rxf6 41. c7 Rff8 42. c8=Q a2 43. Qc3+ Qxc3 44. Qxc3+ Kg8 45. Qb3+ Rf7 46. Qxa2 Kg7 47. Qe6 Rff8 48. Qe7+ Kh6 49. Rd4 g5 50. Rd6+ Kh5 51. g4+ Kh4 52. Rh6+ Kg3 53. Qe1+ Kf3 54. Re6 1-0


[Site "https://www.chess.com"]

[Event "Titled Tuesday Blitz August 1 Late 2023"]
[White "Manukyan, Sargis V."]
[Black "Weetik, Vjacheslav"]
[WhiteFideId "13303465"]
[BlackFideId "4153472"]
[WhiteElo "2615"]
[BlackElo "2769"]
[Result "0-1"]
[Round "11"]
[TimeControl "180+1"]
[Date "2023.08.01"]
[WhiteClock "0:00:00"]
[BlackClock "0:00:08"]
[Board "19"]

1. d4 Nf6 2. c4 g6 3. Nc3 Bg7 4. e4 d6 5. Be2 O-O 6. Nf3 Na6 7. O-O e5 8. Be3 Qe7 9. d5 Ng4 10. Bg5 f6 11. Bd2 f5 12. Rb1 Nc5 13. b4 Nxe4 14. Nxe4 fxe4 15. Ng5 e3 16. Bxg4 Qxg5 17. Bxc8 exd2 18. Be6+ Kh8 19. Rb3 a5 20. b5 Bh6 21. Qe2 b6 22. Rg3 Qf4 23. Rg4 Qf6 24. h4 Rae8 25. Rg3 Qxh4 26. Rh3 Qf4 27. g3 Qg5 28. Kg2 Kg7 29. Rfh1 d1=Q 30. Qxd1 Qf6 31. Qe2 Rxe6 32. dxe6 Qxe6 33. Rxh6 Qf5 34. Rxh7+ Kf6 35. Qf3 Ke6 0-1


[Site "https://www.chess.com"]

[Event "Titled Tuesday Blitz August 1 Late 2023"]
[White "Tsaruk, Maksim"]
[Black "Domingo Nunez, Ruben"]
[WhiteFideId "13511173"]
[BlackFideId "22245570"]
[WhiteElo "2758"]
[BlackElo "2594"]
[Result "0-1"]
[Round "11"]
[TimeControl "180+1"]
[Date "2023.08.01"]
[WhiteClock "0:00:02"]
[BlackClock "0:00:04"]
[Board "20"]

1. e4 g6 2. Nf3 Bg7 3. d4 c6 4. c3 d5 5. e5 f6 6. h3 Be6 7. exf6 exf6 8. Bd3 Ne7 9. O-O O-O 10. Re1 Bf7 11. Nbd2 Re8 12. Nf1 Nd7 13. Ng3 Nf8 14. Bd2 Qd6 15. Qc1 g5 16. h4 h6 17. hxg5 hxg5 18. Qc2 Bg6 19. Re2 Qd7 20. Rae1 Kf7 21. b3 Bxd3 22. Qxd3 Neg6 23. Nf5 Rxe2 24. Rxe2 Re8 25. Rxe8 Kxe8 26. c4 Kf7 27. c5 Ne7 28. Nd6+ Kg8 29. Nh2 Nc8 30. Nf5 Ne7 31. Ng3 Bh6 32. f3 f5 33. Nh5 Kf7 34. g4 f4 35. Nf1 Neg6 36. Bc3 Nh4 37. Kf2 Qe6 38. Nd2 Nfg6 39. b4 a6 40. a4 Qe8 41. b5 axb5 42. axb5 cxb5 43. Nb3 Bf8 44. Na5 Qd7 45. Bb4 Be7 46. Nb3 Qe6 47. Nd2 Qa6 48. Qb3 Ke6 49. Nb1 Qa4 50. Qd3 Qa2+ 51. Nd2 Qa1 52. Qe2+ Kf7 53. Qd3 Qh1 54. Qf1 Qh2+ 55. Ke1 Ng2+ 56. Ke2 Ne3+ 57. Qf2 Qh1 58. Kd3 Qd1 59. Qe2 Qc2# 0-1


[Site "https://www.chess.com"]